 Dungeon Crawl Stone Soup version 0.31-a0-765-g67fe2935dc (webtiles) character file.

Game seed: 9104839321904103053

268 Dittersdorf the Grave Robber (level 6, -11/41 HPs)
             Began as a Mummy Necromancer on Sept 15, 2023.
             Mangled by an ogre
             ... wielding a +0 giant club
              (17 damage)
             ... on level 3 of the Dungeon.
             The game lasted 00:14:48 (3784 turns).

Dittersdorf the Grave Robber (Mummy Necromancer)    Turns: 3784, Time: 00:14:48

Health: -11/41     AC:  4    Str: 11    XL:     6   Next: 1%
Magic:  12/12      EV: 12    Int: 17    God:
Gold:   208        SH:  0    Dex: 12    Spells: 13/14 levels left

rFire   x . .        c - +1 whip (venom)
rCold   + . .        (no shield)
rNeg    + + +        a - +0 robe
rPois   ∞            (no helmet)
rElec   .            k - +0 cloak
rCorr   .            i - +0 pair of gloves
SInv    .            (no boots)
Will    .....        (no amulet)
Stlth   ++           (no ring)
HPRegen 0.26/turn    (no ring)
MPRegen 0.13/turn

%: faith
@: no status effects
A: cold resistance 1, negative energy resistance 3, torment resistance 2, heat
vulnerability 1, in touch with death 1, no potions, faith
a: no special abilities


You were on level 3 of the Dungeon.
You visited 1 branch of the dungeon, and saw 4 of its levels.
You also visited: Sewer.

You collected 208 gold pieces.

Inventory:

Hand Weapons
 c - a +1 whip of venom (weapon)
Armour
 a - a +0 robe (worn)
 i - a +0 pair of gloves (worn)
 j - a scarf of shadows
 k - a +0 cloak (worn)
Magical Staves
 b - a staff of fire
Wands
 e - a wand of roots (4)
Scrolls
 d - a scroll of teleportation
 f - a scroll of identify
 g - a scroll of fog
 h - a scroll of brand weapon
 l - a scroll of enchant armour


   Skills:
 + Level 2.9 Dodging
 + Level 3.1 Stealth
 + Level 4.5 Spellcasting
 + Level 5.0 Necromancy


You had 13 spell levels left.
You knew the following spells:

 Your Spells              Type           Power      Damage    Failure   Level
a - Necrotise             Necr           100%       1d9       1%          1

Your spell library contained the following spells:

 Spells                   Type           Power      Damage    Failure   Level
 Vampiric Draining        Necr           31%        2d8       6%          3
 Animate Dead             Necr           31%        N/A       19%         4
 Agony                    Necr           31%        N/A       47%         5


Dungeon Overview and Level Annotations

Branches:
Dungeon (4/15)              Sewer (visited)
 Temple: D:4-7

Altars:

Shops:
D:3 *[[


Innate Abilities, Weirdness & Mutations

You are immune to poison.
Your flesh is cold resistant. (rC+)
You are immune to negative energy. (rN+++)
You are immune to unholy pain and torment.
You are vulnerable to heat. (rF-)
You are in touch with the powers of death.
You do not drink.
You have a special connection with the divine. (Faith)


Message History

The adder is lightly wounded.
The adder barely misses you. The adder misses you.
You hit the adder.
The adder is heavily wounded.
The adder barely misses you.
You barely miss the adder.
The adder is heavily wounded.
The adder misses you. The adder barely misses you.
You barely miss the adder.
The adder is heavily wounded.
The adder barely misses you.
You hit the adder.
The adder is poisoned.
The adder is severely wounded.
The adder bites you but does no damage.
You barely miss the adder.
The adder is almost dead.
You kill the adder!
You have reached level 6!
You start resting.
HP restored.
You start resting.
Magic restored.
There is an escape hatch in the ceiling here.
A mysterious force pulls you upwards. The hatch slams shut behind you.
What level of the Dungeon? (default 4, ? - help)
You open the door.
There is an open door here.
There is a stone staircase leading down here.
You climb downwards.
There is a stone staircase leading up here.
There is an escape hatch in the ceiling here.
There is a stone staircase leading down here.
You climb downwards.
The ogre hits you with a +0 giant club!
There is a stone staircase leading up here.
The ogre hits you with a +0 giant club!!
* * * LOW HITPOINT WARNING * * *
You climb upwards.
There is a stone staircase leading down here.
The ogre attacks as it pursues you! The ogre hits you with a +0 giant club!
You die...

# #.# ##.......#### #.# #
#.###..###.#....#####.#### #
#.#...####.####..#.......# #
#...####...# ##.........# #
#..#####.#########.......# #
#..##.....#.....##.......# ####
#..#.............#.......#
...####........<..........!....#
##.(...........O@<.............#
...............................#
####.#.##.......!............###
##
#...##...............###....##
.###[.###...............#
#.#.... ......#
#...∩.∩........## #.#..>.
##.?.## #.#.....#.....## #.#....
#....# #...∩.∩######## ##.#....
...### #.....## #..#....


You could see an ogre.

Vanquished Creatures
  A bullfrog (Sewer)
  An orc priest (D:3)
  5 adders
  A gnoll (D:1)
  3 worms
  A dart slug (D:1)
  3 orcs (D:3)
  3 bats
  9 endoplasms
  10 giant cockroaches
  7 hobgoblins
  5 jackals (D:1)
  4 kobolds
  10 quokkas
  7 ball pythons
  13 frilled lizards
  9 goblins
  3 rats
95 creatures vanquished.

Vanquished Creatures (collateral kills)
  An orc (D:3)
  A ball python (Sewer)
  2 endoplasms (Sewer)
  A giant cockroach (Sewer)
  2 quokkas (Sewer)
  A frilled lizard (Sewer)
8 creatures vanquished.

Grand Total: 103 creatures vanquished

Notes
Turn   | Place    | Note
-------+----------+-------------------------------------------
     0 | D:1      | Dittersdorf the Mummy Necromancer began the quest for the
                  | Orb.
     0 | D:1      | Reached XP level 1. HP: 13/13 MP: 4/4
   137 | D:1      | Reached XP level 2. HP: 19/19 MP: 5/5
   374 | D:1      | Reached XP level 3. HP: 24/24 MP: 2/7
  2357 | D:3      | Found Rimol's Armour Emporium.
  2575 | D:3      | Found Efiusa's Armour Boutique.
  2600 | D:3      | Identified the +5 orcbow "Oqiv" {drain, Contam rF+ Dex+5
                  | SInv}
  2659 | D:3      | Reached XP level 4. HP: 30/30 MP: 6/9
  2690 | D:3      | Found Acuawirphiw's General Store.
  2808 | D:3      | Found a glowing drain.
  2836 | Sewer    | Entered a sewer
  3199 | Sewer    | Reached XP level 5. HP: 29/35 MP: 7/11
  3581 | D:4      | Noticed a black bear
  3677 | D:4      | Reached skill level 5 in Necromancy
  3679 | D:4      | Noticed an ogre
  3708 | D:3      | Reached XP level 6. HP: 37/41 MP: 7/12
  3784 | D:3      | Mangled by an ogre

Illustrated notes

Levels and vault maps discovered:
D:1:      wheals_arrival_linesprint, layout_basic
D:2:      layout_loops_corners, basic_altar, kennysheep_donut
D:3:      layout_rooms, serial_shops, shop, nicolae_diamond_shop,
          nicolae_shop_competitors_out_of_business, cheibrodos_sewer_entry_bend
D:4:      layout_rooms, doesnt_xom_only_xom

Skill      XL: |  1  2  3  4  5 |
---------------+----------------+-----
Spellcasting   | 3 4 |  4.5
Dodging        | 2 |  2.9
Stealth        | 2 3 |  3.1
Necromancy     | 5 |  5.0

Action                     |  1- 3 |  4- 6 || total
---------------------------+-------+-------++-------
  Melee: Unarmed           |     9 |       ||     9
         Dagger            |    15 |       ||    15
         Whip              |     2 |    41 ||    43
         Punch             |       |     1 ||     1
   Cast: Necrotise         |    62 |    70 ||   132
    Use: Scroll            |     6 |     1 ||     7
 Armour: Robe              |     9 |    44 ||    53
  Dodge: Dodged            |    21 |    57 ||    78

Table legend: (Time is in decaauts)
 A = Elapsed time spent in this place.
 B = Non-inter-level travel time spent in this place.
 C = Inter-level travel time spent in this place.
 D = Time resting spent in this place.
 E = Time spent auto-exploring this place.
 F = Levels seen in this place.
 G = Mean time per level.
                   A        B        C        D        E       F      G
               +--------+--------+--------+--------+--------+-----+--------+
         Total |   3879 |   3638 |    241 |    420 |   2042 |   5 |  775.8 |
       Dungeon |   3184 |   2943 |    241 |     86 |   2042 |   4 |  796.0 |
         Sewer |    695 |    695 |      0 |    334 |      0 |   1 |  695.0 |
               +--------+--------+--------+--------+--------+-----+--------+

Top non-repeatable levels by time:
     D:1: 1217 daAuts
     D:2: 1201 daAuts
     D:3: 717 daAuts
   Sewer: 695 daAuts
     D:4: 48 daAuts
